 Dungeon Crawl Stone Soup version 0.28-a0-1080-g05a166d0ed (webtiles) character file.

Game seed: 8886844549739989869

44 garrulousMonolith the Digger (level 3, -2/20 HPs)
             Began as a Gargoyle Earth Elementalist on Dec 10, 2021.
             Slain by an adder (3 damage)
             ... on level 3 of the Dungeon.
             The game lasted 00:02:33 (1807 turns).

garrulousMonolith the Digger (GrEE)                 Turns: 1807, Time: 00:02:34

Health: -2/20      AC:  5    Str: 11    XL:     3   Next: 60%
Magic:  6/6        EV: 11    Int: 17    God:
Gold:   40         SH:  0    Dex: 10    Spells: 0/6 levels left

rFire   . . .      SeeInvis .   i - +0 short sword (protect)
rCold   . . .      Faith    .   (no shield)
rNeg    + . .      Spirit   .   b - +0 robe
rPois   ∞          Reflect  .   (no helmet)
rElec   +          Harm     .   (no cloak)
rCorr   .          Rampage  .   (no gloves)
Will    .....                   (no boots)
Stlth   ++........              (no amulet)
HPRegen 0.06/turn               (no ring)
MPRegen 0.10/turn               (no ring)

@: flying
A: sickness immunity, AC +3, negative energy resistance 1, electricity
resistance, torment resistance 1, petrification resistance
a: no special abilities


You were on level 3 of the Dungeon.
You visited 1 branch of the dungeon, and saw 3 of its levels.

You collected 40 gold pieces.

Inventory:

Hand Weapons
 i - a +0 short sword of protection (weapon)
Missiles
 c - a stone
Armour
 b - a +0 robe (worn)
Scrolls
 f - a scroll of identify {unknown}
 g - a scroll of summoning {unknown}
 j - a scroll of enchant armour {unknown}
Potions
 a - a potion of haste {unknown}
 d - a potion of flight
 e - a potion of curing {unknown}
 h - a potion of heal wounds {unknown}


   Skills:
 + Level 1.2 Fighting
 + Level 1.1 Armour
 - Level 1.5 Dodging
 - Level 2.1 Stealth
 + Level 2.2 Spellcasting
 * Level 0.4 Conjurations
 - Level 1.0 Transmutations
 * Level 4.4 Earth Magic


You couldn't memorise any spells.
You knew the following spells:

 Your Spells              Type           Power      Damage    Failure   Level
a - Sandblast             Erth           32%        2d9       3%          1
b - Stone Arrow           Conj/Erth      20%        3d8       21%         3
c - Passwall              Tmut/Erth      9%         N/A       10%         2

Your spell library contained the following spells:

 Spells                   Type           Power      Damage    Failure   Level
 Petrify                  Tmut/Erth      11%        N/A       52%         4


Dungeon Overview and Level Annotations

Branches:
Dungeon (3/15)

Altars:


Innate Abilities, Weirdness & Mutations

You are immune to sickness and miasma.
Your stone body is resilient. (AC +3)
You are immune to poison.
You resist negative energy. (rN+)
You are resistant to electric shocks. (rElec)
You are resistant to unholy torment.
You are immune to petrification.


Message History

You hit the worm.
You kill the worm!
No target in view!
No target in view!
You see here a worm corpse.
There is a stone staircase leading up here.
You climb upwards.
The adder hisses angrily.
The goblin shouts!
The ball python hisses angrily.
The gnoll shouts! x3
The jackal bites you. The adder bites you but does no damage.
A dart slug comes into view.
The jackal closely misses you.
The ball python hisses angrily.
The ball python bites you. The ball python closely misses you.
The adder misses you. The gnoll completely misses you. The adder bites you.
Found an escape hatch in the ceiling.
There is a stone staircase leading down here.
The jackal bites you but does no damage.
The adder completely misses you.
The gnoll hits you from afar with a +0 spear!
* * * LOW HITPOINT WARNING * * *
The adder bites you but does no damage. The jackal bites you.
* * * LOW HITPOINT WARNING * * *
The ball python closely misses you. The ball python barely misses you.
You climb downwards.
There is a stone staircase leading up here.
The adder bites you but does no damage.
There is a stone staircase leading up here.
The adder bites you.
* * * LOW HITPOINT WARNING * * *
The adder barely misses you. The adder barely misses you.
A hobgoblin comes into view.
It was a potion of flight.
You feel very buoyant.
You fly up into the air.
The adder bites you but does no damage.
You miss the adder. The adder bites you.
* * * LOW HITPOINT WARNING * * *
The adder bites you.
You die...

#####........####
...........#...>....
................#..#
#...........[......#.
..........####......
.............>....###
#........<###....... ###
######.....<##h##.#....#
#####....SS@....g.#
###.#.#####....
#........# . ###.####...
#.# ###


You could see 2 adders, a jackal and a hobgoblin.

Vanquished Creatures
  A gnoll (D:2)
  A worm (D:3)
  2 dart slugs (D:1)
  2 ball pythons
  A bat (D:1)
  4 endoplasms
  A giant cockroach (D:1)
  3 goblins (D:1)
  2 jackals (D:1)
  A quokka (D:2)
  2 frilled lizards
  2 kobolds
  5 rats
27 creatures vanquished.

Notes
Turn   | Place    | Note
-------+----------+-------------------------------------------
     0 | D:1      | garrulousMonolith the Gargoyle Earth Elementalist began the
                  | quest for the Orb.
     0 | D:1      | Reached XP level 1. HP: 10/10 MP: 3/3
    22 | D:1      | Found a faded altar of an unknown god.
   327 | D:1      | Reached XP level 2. HP: 16/16 MP: 3/5
   431 | D:1      | Reached skill level 1 in Transmutations
   558 | D:1      | Reached skill level 4 in Earth Magic
   838 | D:1      | Learned a level 2 spell: Passwall
   979 | D:1      | Reached skill level 1 in Fighting
  1207 | D:2      | Reached skill level 1 in Armour
  1207 | D:2      | Reached XP level 3. HP: 20/20 MP: 3/6
  1219 | D:1      | Learned a level 3 spell: Stone Arrow
  1807 | D:3      | HP: 1/20 [adder (3)]
  1807 | D:3      | Slain by an adder

Illustrated notes

Levels and vault maps discovered:
D:1:      tarquinn_simple_flora_water_d, layout_basic,
          shapermc_ecumenical_altar_venn, st_stairs_11
D:2:      layout_loops_ring, basic_altar, minmay_ruptured
D:3:      layout_rooms

Skill      XL: |  1  2 |
---------------+-------+-----
Transmutations | 1 |  1.0
Earth Magic    | 4 |  4.4
Fighting       | 1 |  1.2
Armour         | 1 |  1.1
Dodging        | |  1.5
Stealth        | |  2.1
Spellcasting   | |  2.2
Conjurations   | |  0.4

Action                   || total
-------------------------++-------
Melee: Dagger            ||     8
       Short sword       ||    31
 Cast: Sandblast         ||    29
  Use: Potion            ||     1
 Stab: Sleeping          ||     2
Armor: Robe              ||    18
Dodge: Dodged            ||    31

Table legend: (Time is in decaauts)
 A = Elapsed time spent in this place.
 B = Non-inter-level travel time spent in this place.
 C = Inter-level travel time spent in this place.
 D = Time resting spent in this place.
 E = Time spent auto-exploring this place.
 F = Levels seen in this place.
 G = Mean time per level.
                   A        B        C        D        E       F      G
               +--------+--------+--------+--------+--------+-----+--------+
         Total |   1810 |   1754 |     56 |    411 |   1083 |   3 |  603.3 |
       Dungeon |   1810 |   1754 |     56 |    411 |   1083 |   3 |  603.3 |
               +--------+--------+--------+--------+--------+-----+--------+

Top non-repeatable levels by time:
     D:1: 1261 daAuts
     D:2: 402 daAuts
     D:3: 146 daAuts
